[Event "Titled Tuesday Blitz January 31 Late 2023"]
[White "Dardha, Daniel"]
[Black "Chor, Kevin"]
[WhiteFideId "240990"]
[BlackFideId "2090740"]
[WhiteElo "2631"]
[BlackElo "1944"]
[Result "0-1"]
[Round "02"]
[TimeControl "180+2"]
[Date "2023.01.31"]
[WhiteClock "0:00:02"]
[BlackClock "0:00:43"]

1. d4 Nf6 2. Bg5 Ne4 3. h4 c5 4. dxc5 Nxg5 5. hxg5 e6 6. g6 fxg6 7. e3 Bxc5 8. Bd3 Qf6 9. Nc3 Bb4 10. Nf3 Bxc3+ 11. bxc3 Qxc3+ 12. Ke2 O-O 13. Ng5 Qf6 14. f4 h6 15. Ne4 Qe7 16. Qe1 d5 17. Nd2 Nc6 18. Qg3 e5 19. Qxg6 e4 20. Nxe4 Bf5 21. Qg3 Bxe4 22. Rxh6 Bxd3+ 23. Kxd3 Qe4+ 24. Kd2 d4 25. Rah1 Qxe3+ 26. Qxe3 dxe3+ 27. Kxe3 gxh6 28. Rxh6 Rae8+ 29. Kf3 Ne5+ 30. Kg3 Kg7 31. Rh1 Ng6 32. Rb1 Re7 33. c4 Rxf4 34. c5 Rc4 35. a4 Rxa4 36. Rc1 Rc7 37. Kh3 Ra5 38. Kg4 Raxc5 39. Rd1 b5 40. Rd8 Rb7 41. g3 b4 42. Rd2 b3 43. Rb2 Rc2 44. Rb1 b2 45. Kh5 Rc1 46. Rxc1 bxc1=Q 47. g4 Qh6# 0-1


[Site "https://www.chess.com"]

[Event "Titled Tuesday Blitz January 31 Late 2023"]
[White "Drygalov, Sergey"]
[Black "Blit, Jacques"]
[WhiteFideId "24171743"]
[BlackFideId "114839"]
[WhiteElo "2547"]
[BlackElo "2309"]
[Result "1-0"]
[Round "02"]
[TimeControl "180+2"]
[Date "2023.01.31"]
[WhiteClock "0:01:07"]
[BlackClock "0:00:05"]

1. d4 d6 2. c4 f5 3. Nf3 Nf6 4. g3 g6 5. Bg2 Bg7 6. O-O O-O 7. Nc3 Qe8 8. d5 Na6 9. Nd4 Nc5 10. Rb1 a5 11. b3 h6 12. Bb2 g5 13. Qc2 Qh5 14. h3 Nfe4 15. Nxe4 fxe4 16. g4 Qg6 17. a3 h5 18. b4 axb4 19. axb4 hxg4 20. bxc5 gxh3 21. Bxe4 Qh5 22. Kh1 Rf4 23. e3 Rxe4 24. Qxe4 Bxd4 25. Kh2 Bxb2 26. Rxb2 Qf7 27. Rg1 g4 28. cxd6 exd6 29. f3 Bf5 30. Qf4 Qg7 31. Rf2 Bd7 32. fxg4 b6 33. Qf6 Ra4 34. Qxg7+ Kxg7 35. Rf4 Ra2+ 36. Kxh3 Re2 37. Rg3 b5 38. cxb5 Bxb5 39. Rgf3 Rd2 40. Rf7+ Kg6 41. Kh4 1-0


[Site "https://www.chess.com"]

[Event "Titled Tuesday Blitz January 31 Late 2023"]
[White "Zierk, Steven"]
[Black "Fiorito, Joaquin"]
[WhiteFideId "2034255"]
[BlackFideId "180173"]
[WhiteElo "2488"]
[BlackElo "2405"]
[Result "1-0"]
[Round "02"]
[TimeControl "180+2"]
[Date "2023.01.31"]
[WhiteClock "0:00:20"]
[BlackClock "0:00:07"]

1. e4 c6 2. d4 d5 3. e5 Bf5 4. Nf3 e6 5. Be2 c5 6. O-O Nc6 7. Be3 cxd4 8. Nxd4 Bg6 9. c4 Nge7 10. Nc3 dxc4 11. Ndb5 Nf5 12. Bf4 a6 13. Nd6+ Bxd6 14. exd6 e5 15. Bg3 Nxd6 16. Qd5 O-O 17. Rad1 Nf5 18. Qxc4 Qe7 19. Nd5 Qe6 20. Bg4 Rac8 21. Qa4 Ncd4 22. Nc3 b5 23. Qa5 f6 24. f4 Qc6 25. Bf2 Rcd8 26. fxe5 fxe5 27. Rfe1 Rfe8 28. Rxe5 Rxe5 29. Qxd8+ Re8 30. Qd5+ Qxd5 31. Nxd5 Nc6 32. Nc7 Rf8 33. Bf3 Ne5 34. Bd5+ Kh8 35. Nxa6 Ng4 36. Bc5 Rd8 37. Bf3 Rxd1+ 38. Bxd1 Nge3 39. Bf3 Nc4 40. b3 Nd2 41. Bc6 Bf7 42. Nc7 Nxb3 43. axb3 Bxb3 44. Nxb5 Ba4 45. Be4 Bxb5 46. Bxf5 Kg8 47. Bd4 Kf7 48. Bxh7 g6 49. h4 Bd3 50. Kf2 Bc4 51. Ke3 Bd5 52. g3 Be6 53. Kf4 Bd5 54. Kg5 Be4 55. h5 1-0


[Site "https://www.chess.com"]

[Event "Titled Tuesday Blitz January 31 Late 2023"]
[White "Chigaev, Maksim"]
[Black "Risteski, Emil"]
[WhiteFideId "4108116"]
[BlackFideId "15005267"]
[WhiteElo "2628"]
[BlackElo "2366"]
[Result "1-0"]
[Round "02"]
[TimeControl "180+2"]
[Date "2023.01.31"]
[WhiteClock "0:01:43"]
[BlackClock "0:01:52"]

1. e4 c5 2. Nf3 Nc6 3. Bb5 Nf6 4. Nc3 g6 5. O-O Bg7 6. Bxc6 dxc6 7. h3 O-O 8. d3 Ne8 9. Bf4 Nc7 10. Qd2 Ne6 11. Bh6 Nd4 12. Nxd4 cxd4 13. Ne2 c5 14. Bxg7 Kxg7 15. c3 e5 16. cxd4 cxd4 17. f4 f6 18. fxe5 fxe5 19. Qb4 b6 20. Qb5 Qe7 21. Rxf8 Kxf8 22. Kh1 Kg7 23. Ng1 Bb7 24. Nf3 Re8 25. Rc1 Qd6 26. Qxe8 1-0


[Site "https://www.chess.com"]

[Event "Titled Tuesday Blitz January 31 Late 2023"]
[White "Blomqvist, Erik"]
[Black "Mosadeghpour, Masoud"]
[WhiteFideId "1709437"]
[BlackFideId "12519278"]
[WhiteElo "2523"]
[BlackElo "2472"]
[Result "0-1"]
[Round "02"]
[TimeControl "180+2"]
[Date "2023.01.31"]
[WhiteClock "0:00:01"]
[BlackClock "0:00:43"]

1. e4 c5 2. Nf3 d6 3. d4 cxd4 4. Nxd4 Nf6 5. Nc3 Nc6 6. Bc4 e5 7. Nf3 Be7 8. O-O O-O 9. Bg5 Be6 10. Bb3 Rc8 11. Bxf6 Bxf6 12. Qe2 Nd4 13. Nxd4 exd4 14. Nd5 Bxd5 15. Bxd5 Rc5 16. Rad1 Qb6 17. Bb3 Re8 18. Qf3 Qc7 19. g3 b5 20. a4 b4 21. Qd3 a5 22. f4 Qd7 23. Rde1 Qh3 24. Re2 h5 25. Qf3 Qg4 26. Kg2 Qxf3+ 27. Kxf3 g6 28. Rd1 Kg7 29. Rd3 Re7 30. h4 Re8 31. Kf2 Rc7 32. Kf3 Rce7 33. Bd5 Kf8 34. Red2 Rc7 35. Re2 Bg7 36. Bb3 Rce7 37. Bd5 Rc8 38. Rdd2 Rc5 39. Bb3 Ke8 40. Rd3 Kd8 41. Red2 Kc7 42. Rd1 Kb6 43. R1d2 Rc8 44. Rxd4 Bxd4 45. Rxd4 Rd7 46. Rd5 Rc5 47. Rd4 Kc7 48. Rd3 Kd8 49. Rd4 Ke7 50. Rd3 Rdc7 51. Rd2 f5 52. exf5 gxf5 53. Re2+ Kd7 54. Rd2 Rc8 55. Rd3 Re8 56. Rd4 Re1 57. Bc4 Re4 58. Bb5+ Rxb5 0-1


[Site "https://www.chess.com"]

[Event "Titled Tuesday Blitz January 31 Late 2023"]
[White "Suder, Jakub"]
[Black "Yoo, Christopher Woojin"]
[WhiteFideId "1195310"]
[BlackFideId "30909694"]
[WhiteElo "2244"]
[BlackElo "2607"]
[Result "1/2-1/2"]
[Round "02"]
[TimeControl "180+2"]
[Date "2023.01.31"]
[WhiteClock "0:00:14"]
[BlackClock "0:00:02"]

1. d4 Nf6 2. c4 e6 3. Nc3 d5 4. cxd5 exd5 5. Bg5 c6 6. e3 Be7 7. Bd3 O-O 8. Nge2 Nbd7 9. Qc2 Re8 10. O-O Ne4 11. Bxe7 Qxe7 12. Bxe4 dxe4 13. Rfd1 Nf6 14. d5 Bg4 15. dxc6 bxc6 16. h3 Bh5 17. Rd2 Rad8 18. Rad1 Rxd2 19. Rxd2 Bxe2 20. Nxe2 c5 21. Nc3 Qe6 22. b3 c4 23. bxc4 Qxc4 24. Rd4 Qc6 25. Qd2 h6 26. Nd5 Nxd5 27. Rxd5 Qb6 28. Kh2 Re6 29. Rd7 Rf6 30. g3 Qb5 31. Kg2 a6 32. Rd8+ Kh7 33. Rd5 Qc4 34. Rd4 Qc6 35. Qe2 Re6 36. Qg4 g6 37. Qf4 Kg7 38. h4 Rf6 39. Qxe4 Qc3 40. Qd3 Qe1 41. Qd2 Qb1 42. a4 Rc6 43. Rf4 Qb7 44. Kh2 Re6 45. Qd4+ Kg8 46. Rf6 Rxf6 47. Qxf6 Kh7 48. a5 h5 49. Qb6 Qc8 50. Qf6 Qb7 51. Qd6 Kg8 52. Qd2 Kg7 53. Qd4+ Kg8 54. e4 Qc6 55. e5 Qb5 56. Qd8+ Kh7 57. e6 fxe6 58. Qe7+ Kg8 59. Qxe6+ Kg7 60. Qe7+ Kg8 61. Qd8+ Kf7 62. Qc7+ Kf6 63. Qb6+ Ke7 64. Qxg6 Qxa5 65. Qg7+ Ke8 66. Qg8+ Ke7 67. Qg7+ Ke8 68. Qg8+ Ke7 69. Qg7+ 1/2-1/2


[Site "https://www.chess.com"]

[Event "Titled Tuesday Blitz January 31 Late 2023"]
[White "Kourkoulos-Arditis, Stamatis"]
[Black "Paravyan, David"]
[WhiteFideId "4221990"]
[BlackFideId "4194985"]
[WhiteElo "2539"]
[BlackElo "2601"]
[Result "0-1"]
[Round "02"]
[TimeControl "180+2"]
[Date "2023.01.31"]
[WhiteClock "0:00:02"]
[BlackClock "0:00:05"]

1. e4 e5 2. Nf3 Nf6 3. Nxe5 d6 4. Nf3 Nxe4 5. Bd3 d5 6. O-O Be7 7. Re1 O-O 8. Bxe4 dxe4 9. Rxe4 c5 10. d3 Nc6 11. Nc3 b6 12. Re1 Bg4 13. h3 Bh5 14. Ne4 Qc7 15. Ng3 Bg6 16. Bd2 Rad8 17. b3 h6 18. Bc3 Rfe8 19. Qd2 Bd6 20. Rxe8+ Rxe8 21. Re1 Rxe1+ 22. Qxe1 Nb4 23. Qe8+ Kh7 24. Ne5 Bxe5 25. Bxe5 Qb7 26. f4 f6 27. Qf8 Qd7 28. f5 Bxf5 29. Bxf6 gxf6 30. Nh5 Qd4+ 31. Kh1 Kg6 32. Ng3 Be6 33. Qe7 Qa1+ 34. Kh2 Qe5 35. Qe8+ Bf7 36. Qh8 Nd5 37. h4 Nf4 38. Qf8 Nh5 0-1


[Site "https://www.chess.com"]

[Event "Titled Tuesday Blitz January 31 Late 2023"]
[White "Lymar, Vladislav"]
[Black "Predke, Alexandr"]
[WhiteFideId "14162180"]
[BlackFideId "24107581"]
[WhiteElo "2119"]
[BlackElo "2685"]
[Result "0-1"]
[Round "02"]
[TimeControl "180+2"]
[Date "2023.01.31"]
[WhiteClock "0:00:08"]
[BlackClock "0:00:02"]

1. e4 c5 2. Nf3 e6 3. g3 Nc6 4. Bg2 d5 5. exd5 exd5 6. d4 Nf6 7. O-O Be7 8. dxc5 Bxc5 9. Nc3 h6 10. a3 a5 11. Qd3 O-O 12. Nb5 b6 13. c3 a4 14. Rd1 Ba6 15. Bf1 Ng4 16. Qxd5 Bxf2+ 17. Kg2 Qf6 18. Bf4 Rad8 19. Qe4 Bc5 20. Rxd8 Rxd8 21. Nc7 Bb7 22. Ba6 Bxa6 23. Nxa6 Nf2 24. Qe2 Nd3 25. Nxc5 Nxf4+ 26. gxf4 bxc5 27. Qe4 Ne7 28. Re1 Nf5 29. Qxa4 Qg6+ 30. Kh1 Qg4 31. Qe4 Qh3 32. Qe3 Nxe3 33. Rxe3 Rd1+ 34. Ne1 Qf1# 0-1


[Site "https://www.chess.com"]

[Event "Titled Tuesday Blitz January 31 Late 2023"]
[White "Crevatin, Leo"]
[Black "Tari, Aryan"]
[WhiteFideId "1726307"]
[BlackFideId "1510045"]
[WhiteElo "2292"]
[BlackElo "2642"]
[Result "1-0"]
[Round "02"]
[TimeControl "180+2"]
[Date "2023.01.31"]
[WhiteClock "0:00:06"]
[BlackClock "0:00:40"]

1. d4 Nf6 2. c4 e6 3. Nc3 Bb4 4. e3 O-O 5. a3 Bxc3+ 6. bxc3 c5 7. Bd3 Nc6 8. Nf3 b6 9. e4 Ba6 10. e5 Ne8 11. Bxh7+ Kh8 12. Ng5 g6 13. h4 Kg7 14. h5 Ne7 15. hxg6 fxg6 16. Qg4 Rh8 17. Qh3 Ng8 18. Be3 Bxc4 19. Qf3 Ngf6 20. exf6+ Nxf6 21. Rh3 Qe7 22. dxc5 bxc5 23. O-O-O Bd5 24. Qf4 Rab8 25. Nxe6+ Qxe6 26. Qh6+ Kf7 27. Bxg6+ Ke7 28. Qg7+ Kd6 29. Rxh8 Rxh8 30. Qxh8 Qe5 31. Qb8+ Ke6 32. Qxe5+ Kxe5 33. Bd3 c4 34. Bc2 Ng4 35. Bd4+ Ke6 36. f3 Nh6 37. Re1+ Kf7 38. Be4 Be6 39. g4 d5 40. Bc2 Ng8 41. Bf5 Bxf5 42. gxf5 Nh6 43. f6 Nf5 44. f4 a5 45. Kd2 Nd6 46. Re7+ Kg6 47. Rg7+ Kh6 48. f7 1-0


[Site "https://www.chess.com"]

[Event "Titled Tuesday Blitz January 31 Late 2023"]
[White "Aggelis, Nikolaos"]
[Black "Oparin, Grigoriy"]
[WhiteFideId "4213220"]
[BlackFideId "24125890"]
[WhiteElo "2270"]
[BlackElo "2667"]
[Result "0-1"]
[Round "02"]
[TimeControl "180+2"]
[Date "2023.01.31"]
[WhiteClock "0:01:12"]
[BlackClock "0:01:59"]

1. d4 Nf6 2. g3 d5 3. Nf3 Bf5 4. c4 e6 5. Bg2 c6 6. Qb3 Qb6 7. c5 Qxb3 8. axb3 Nbd7 9. b4 h6 10. Nc3 Be7 11. b5 O-O 12. O-O cxb5 13. Nxb5 a6 14. Nc3 Rfc8 15. b4 b6 16. Bd2 a5 17. Na4 axb4 18. cxb6 Rab8 19. Ne5 Nxb6 20. Nxb6 Rxb6 21. Nd3 b3 22. Rfb1 Rc2 23. Rb2 Bxd3 0-1


[Site "https://www.chess.com"]

[Event "Titled Tuesday Blitz January 31 Late 2023"]
[White "Kamsky, Gata"]
[Black "Goroshkov, Maksym"]
[WhiteFideId "2000024"]
[BlackFideId "14142716"]
[WhiteElo "2665"]
[BlackElo "2287"]
[Result "1-0"]
[Round "02"]
[TimeControl "180+2"]
[Date "2023.01.31"]
[WhiteClock "0:00:19"]
[BlackClock "0:00:09"]

1. d4 Nf6 2. Bf4 d6 3. Nf3 g6 4. h3 Bg7 5. c3 O-O 6. Nbd2 c5 7. dxc5 dxc5 8. e4 Nc6 9. Be2 b6 10. O-O Bb7 11. Re1 Qc8 12. a4 Rd8 13. Qc2 Ba6 14. Bb5 Na5 15. Bh2 Bxb5 16. axb5 c4 17. Nd4 Qc5 18. e5 Nd5 19. Ne4 Qc8 20. Rad1 e6 21. Bg3 Nb7 22. Nc6 Rd7 23. Qa4 Rc7 24. Nd6 Qd7 25. Qxc4 Na5 26. Qh4 Nxc6 27. bxc6 Qxc6 28. c4 Ne7 29. b3 Rd7 30. Bf4 Nf5 31. Nxf5 exf5 32. Rd6 Rxd6 33. exd6 Re8 34. Rxe8+ Qxe8 35. Qe7 Qf8 36. Bg5 f6 37. Qe6+ Qf7 38. Qc8+ Qf8 39. d7 fxg5 40. d8=Q Qxd8 41. Qxd8+ Kf7 42. Qd7+ 1-0


[Site "https://www.chess.com"]

[Event "Titled Tuesday Blitz January 31 Late 2023"]
[White "Kavutskiy, Konstantin"]
[Black "Hansen, Eric"]
[WhiteFideId "2026384"]
[BlackFideId "2606771"]
[WhiteElo "2414"]
[BlackElo "2609"]
[Result "1/2-1/2"]
[Round "02"]
[TimeControl "180+2"]
[Date "2023.01.31"]
[WhiteClock "0:00:21"]
[BlackClock "0:00:02"]

1. d4 Nf6 2. Bg5 d5 3. Nd2 e6 4. e3 c5 5. c3 Nc6 6. Bd3 Bd6 7. Ngf3 h6 8. Bh4 O-O 9. Qe2 b6 10. e4 Be7 11. e5 Nd7 12. Bxe7 Qxe7 13. a3 f6 14. exf6 Qxf6 15. O-O e5 16. dxe5 Ndxe5 17. Nxe5 Nxe5 18. h3 Qg5 19. f4 Rxf4 20. Rxf4 Qxf4 21. Rf1 Qg3 22. Bf5 Bxf5 23. Rxf5 Re8 24. Nf1 Qd3 25. Qxd3 Nxd3 26. Rxd5 Nxb2 27. Rd7 a5 28. Nd2 Re3 29. Rb7 Rd3 30. Ne4 Nc4 31. Kf2 Rd1 32. Ng3 Rd2+ 33. Kf3 Rd3+ 34. Kf4 g5+ 35. Kg4 Ne5+ 36. Kf5 Rxg3 37. Kxe5 Rxc3 38. Kf6 Rxa3 39. Rb8+ Kh7 40. Rb7+ Kg8 41. Rb8+ Kh7 42. Rb7+ Kg8 1/2-1/2


[Site "https://www.chess.com"]

[Event "Titled Tuesday Blitz January 31 Late 2023"]
[White "Melkumyan, Hrant"]
[Black "Korchmar, Vasiliy"]
[WhiteFideId "13302485"]
[BlackFideId "24131750"]
[WhiteElo "2645"]
[BlackElo "2438"]
[Result "1-0"]
[Round "02"]
[TimeControl "180+2"]
[Date "2023.01.31"]
[WhiteClock "0:00:53"]
[BlackClock "0:00:02"]

1. d4 d5 2. c4 c6 3. Nc3 Nf6 4. e3 e6 5. Nf3 Nbd7 6. a4 Bd6 7. Be2 dxc4 8. Nd2 O-O 9. Nxc4 Bc7 10. f4 b6 11. b3 Bb7 12. Ba3 c5 13. O-O Re8 14. Nb5 Ne4 15. Rc1 Bb8 16. Bf3 Ndf6 17. dxc5 bxc5 18. Qxd8 Rxd8 19. Na5 Bd5 20. Rfd1 a6 21. Nc3 Nxc3 22. Rxc3 Bc7 23. Nc4 Ne4 24. Bxe4 Bxe4 25. Rxd8+ Rxd8 26. Bxc5 h5 27. Bd4 Bxf4 28. exf4 Rxd4 29. Kf2 Bd5 30. g3 Rd1 31. h4 Rb1 32. Nd2 Rh1 33. Nc4 Rb1 34. Ke3 Kh7 35. Kd4 Kg6 36. Kc5 Kf5 37. b4 Kg4 38. Ne3+ Kh3 39. Nxd5 exd5 40. Rd3 f6 41. Rxd5 Kxg3 42. Rxh5 Kxf4 43. Rh8 g5 44. hxg5 fxg5 45. Rf8+ Kg3 46. Rf6 1-0


[Site "https://www.chess.com"]

[Event "Titled Tuesday Blitz January 31 Late 2023"]
[White "Zhigalko, Sergei"]
[Black "Atanasov, Anthony"]
[WhiteFideId "13502956"]
[BlackFideId "2623897"]
[WhiteElo "2572"]
[BlackElo "2368"]
[Result "1-0"]
[Round "02"]
[TimeControl "180+2"]
[Date "2023.01.31"]
[WhiteClock "0:01:30"]
[BlackClock "0:00:59"]

1. e4 e5 2. Nf3 Nf6 3. d4 Nxe4 4. Bd3 d5 5. Nxe5 Nd7 6. Nxd7 Bxd7 7. O-O Bd6 8. Nc3 Nxc3 9. bxc3 O-O 10. Qh5 f5 11. Re1 Qf6 12. Qf3 c6 13. Bf4 Rae8 14. h4 Re7 15. Bg5 Rxe1+ 16. Rxe1 Qf7 17. Bf4 Qf6 18. Qg3 Bxf4 19. Qxf4 Re8 20. Rxe8+ Bxe8 21. Qb8 Kf8 22. Qxb7 Qxh4 23. Qxa7 Qf4 24. a4 Qc1+ 25. Bf1 Qxc2 26. a5 Qxc3 27. a6 Qa5 28. Qc5+ Qxc5 29. dxc5 1-0


[Site "https://www.chess.com"]

[Event "Titled Tuesday Blitz January 31 Late 2023"]
[White "Diaz Perez, Michel Alejandro"]
[Black "Jones, Gawain C B"]
[WhiteFideId "3517179"]
[BlackFideId "409561"]
[WhiteElo "2414"]
[BlackElo "2618"]
[Result "0-1"]
[Round "02"]
[TimeControl "180+2"]
[Date "2023.01.31"]
[WhiteClock "0:00:05"]
[BlackClock "0:00:02"]

1. Nf3 c5 2. c4 g6 3. Nc3 Bg7 4. g3 Nc6 5. Bg2 d6 6. O-O e6 7. e3 Nge7 8. d4 b6 9. d5 Na5 10. Nd2 Bxc3 11. bxc3 e5 12. f4 exf4 13. gxf4 f5 14. e4 fxe4 15. Nxe4 Nf5 16. Ng5 Qf6 17. Re1+ Kd7 18. Ne6 Ba6 19. Qa4+ Kc8 20. Bd2 Qf7 21. Bh3 Kb7 22. Ng5 Qc7 23. Re6 Nxc4 24. Bxf5 gxf5 25. Rae1 b5 26. Qc2 Rad8 27. Bc1 Rhg8 28. Qxf5 Rd7 29. Re8 Rdg7 30. Rxg8 Rxg8 31. Qf6 Qd8 32. Re7+ Kb6 33. Kf2 Bb7 34. Ne6 Qb8 35. f5 Bxd5 36. Nf4 Bc6 37. Rxh7 Ne5 38. h3 Ka5 39. c4 bxc4 40. Bd2+ Ka4 41. Bc3 Nd3+ 42. Ke3 Re8+ 43. Kd2 Nxf4 44. Qf7 Re2+ 45. Kc1 Nd3+ 46. Kd1 Bf3 47. Qxa7+ Qxa7 48. Rxa7+ Kb5 49. Rb7+ Kc6 50. Rg7 Rf2# 0-1


[Site "https://www.chess.com"]

[Event "Titled Tuesday Blitz January 31 Late 2023"]
[White "Ivic, Velimir"]
[Black "Aldokhin, Ivan"]
[WhiteFideId "950122"]
[BlackFideId "24115720"]
[WhiteElo "2595"]
[BlackElo "2413"]
[Result "1-0"]
[Round "02"]
[TimeControl "180+2"]
[Date "2023.01.31"]
[WhiteClock "0:01:19"]
[BlackClock "0:00:06"]

1. d4 Nf6 2. c4 g6 3. g3 Bg7 4. Bg2 O-O 5. Nf3 d6 6. O-O Nc6 7. Nc3 Bf5 8. b3 Ne4 9. Nd5 e6 10. Ne3 Nc3 11. Qd2 Ne4 12. Qb2 Nxd4 13. Nxd4 c5 14. Ndxf5 gxf5 15. Qb1 Nc3 16. Qc2 Nxe2+ 17. Qxe2 Bxa1 18. Bxb7 Rb8 19. Bg2 Bg7 20. Bb2 Qg5 21. Bxg7 Qxg7 22. Rd1 Rfd8 23. Qd2 Rb4 24. Nc2 Rb6 25. Ne1 Qf6 26. Nd3 Re8 27. Nf4 Kf8 28. Qe2 Qe5 29. Qh5 Qg7 30. h3 h6 31. h4 Qf6 32. Qe2 a5 33. Qd2 a4 34. Qa5 Qd8 35. Qxa4 Rb4 36. Qa6 Qb6 37. Qa3 Rd8 38. Nd3 e5 39. Qc1 Kg7 40. Nxb4 cxb4 41. Qd2 Qc5 42. Qd5 Qxd5 43. Rxd5 Ra8 44. Rxd6 Rxa2 45. c5 e4 46. c6 Rc2 47. Bf1 Rc3 48. Bc4 1-0


[Site "https://www.chess.com"]

[Event "Titled Tuesday Blitz January 31 Late 2023"]
[White "Skvortsov, Andrei"]
[Black "Baskakov, Egor"]
[WhiteFideId "24108600"]
[BlackFideId "24197866"]
[WhiteElo "2313"]
[BlackElo "2215"]
[Result "1/2-1/2"]
[Round "02"]
[TimeControl "180+2"]
[Date "2023.01.31"]
[WhiteClock "0:02:57"]
[BlackClock "0:02:43"]

1. c4 Nf6 2. Nc3 e5 3. g3 Be7 4. Bg2 O-O 5. e3 c6 6. Nge2 d5 7. cxd5 Nxd5 8. O-O Be6 9. d4 Nxc3 10. bxc3 Qc7 11. Bb2 1/2-1/2


[Site "https://www.chess.com"]

[Event "Titled Tuesday Blitz January 31 Late 2023"]
[White "Janaszak, Dawid"]
[Black "Kravtsiv, Martyn"]
[WhiteFideId "1119206"]
[BlackFideId "14113147"]
[WhiteElo "2316"]
[BlackElo "2598"]
[Result "0-1"]
[Round "02"]
[TimeControl "180+2"]
[Date "2023.01.31"]
[WhiteClock "0:00:02"]
[BlackClock "0:00:41"]

1. e4 e5 2. Nf3 Nc6 3. d4 exd4 4. Nxd4 Nf6 5. Nxc6 bxc6 6. e5 Qe7 7. Qe2 Nd5 8. h4 a5 9. c4 Ba6 10. g3 g6 11. h5 Bg7 12. f4 O-O-O 13. h6 Bf8 14. Qd2 Nb6 15. Qxa5 Qb4+ 16. Qxb4 Bxb4+ 17. Bd2 Bc5 18. b3 d6 19. Nc3 dxe5 20. fxe5 Rhe8 21. O-O-O Rxe5 22. Bg2 Bb4 23. Ne4 Ba3+ 24. Kc2 f5 25. Ng5 Re2 26. Bf3 Rf2 27. Kc3 Be7 28. Rhf1 Bf6+ 29. Kb4 Rfxd2 30. Rxd2 Rxd2 31. Nxh7 Be7+ 32. Kc3 Rh2 33. Bxc6 Rxh6 34. Re1 Rxh7 35. c5 Nd7 36. b4 Bb7 37. Bb5 Ne5 38. Bc4 Bf6 39. Kb3 Rh3 40. Be6+ Kb8 41. b5 Rxg3+ 42. Ka4 Rg4+ 43. Ka5 Nc6+ 44. bxc6 Bc3+ 45. Kb5 Rb4+ 46. Ka5 Re4+ 47. Kb5 Rxe1 0-1


[Site "https://www.chess.com"]

[Event "Titled Tuesday Blitz January 31 Late 2023"]
[White "Svane, Frederik"]
[Black "Djokic, Mihailo"]
[WhiteFideId "12923044"]
[BlackFideId "976440"]
[WhiteElo "2600"]
[BlackElo "2192"]
[Result "0-1"]
[Round "02"]
[TimeControl "180+2"]
[Date "2023.01.31"]
[WhiteClock "0:00:02"]
[BlackClock "0:00:26"]

1. e4 c5 2. Nf3 d6 3. Nc3 Nf6 4. h3 e6 5. d4 cxd4 6. Nxd4 a6 7. Be3 b5 8. a3 Bb7 9. Bd3 Nbd7 10. Nb3 Rc8 11. O-O Ne5 12. Qe2 Be7 13. Rad1 Qc7 14. a4 b4 15. Na2 Bxe4 16. Bxe4 Nxe4 17. Nxb4 O-O 18. a5 d5 19. Bb6 Qc4 20. Nd3 Nd7 21. Rc1 Nxb6 22. axb6 Qb5 23. Nd4 Qxb6 24. c3 Bf6 25. Nf3 Ng3 26. Qd2 Nxf1 27. Rxf1 d4 28. cxd4 Bxd4 29. Kh1 Rfd8 30. Qe2 Bf6 31. Ra1 Qb5 32. Ra3 h6 33. Qe4 Rc4 34. Qe2 Rc6 35. Qe3 Bxb2 36. Ra2 Rxd3 37. Qe4 Rd1+ 38. Kh2 Qb8+ 39. g3 Rcd6 40. Qc2 Bf6 41. Ra4 Rb1 42. Rc4 Rd8 43. Kg2 Rb2 44. Qe4 Qb6 45. Qe1 g6 46. Re4 Kg7 47. Re3 Rb5 48. Qe2 Rf5 49. h4 h5 50. Ra3 a5 51. Qe4 Qb5 52. Ra2 Qd5 53. Qe2 Rxf3 54. Rxa5 Qxa5 55. Qxf3 Qd5 0-1


[Site "https://www.chess.com"]

[Event "Titled Tuesday Blitz January 31 Late 2023"]
[White "Moroni, Luca Jr"]
[Black "Denishev, Marat"]
[WhiteFideId "865834"]
[BlackFideId "24131563"]
[WhiteElo "2535"]
[BlackElo "2255"]
[Result "1-0"]
[Round "02"]
[TimeControl "180+2"]
[Date "2023.01.31"]
[WhiteClock "0:00:07"]
[BlackClock "0:00:05"]

1. d4 Nf6 2. c4 c5 3. Nf3 g6 4. Nc3 Bg7 5. e4 cxd4 6. Nxd4 d6 7. Be2 O-O 8. Be3 Nc6 9. O-O a5 10. h3 Nxd4 11. Bxd4 a4 12. Qc2 Qa5 13. f4 a3 14. b3 Bd7 15. Rad1 Rac8 16. e5 Ne8 17. Qe4 Bc6 18. Qe3 dxe5 19. Bxe5 Bxe5 20. fxe5 Nc7 21. Kh2 Rcd8 22. Bg4 Ne6 23. Bxe6 fxe6 24. Rxd8 Qxd8 25. Rxf8+ Qxf8 26. b4 Qf1 27. Qe2 Qf4+ 28. g3 Qc1 29. Nd1 Qa1 30. b5 Be4 31. Qxe4 Qxd1 32. Qxb7 Qc2+ 33. Qg2 Qxc4 34. b6 Qb4 35. b7 Kg7 36. h4 h5 37. Qf3 Qb2+ 38. Kh3 Qb1 39. Qg2 Qb5 40. g4 Qd3+ 41. Qg3 Qf1+ 42. Kh2 Qb5 43. Qg2 hxg4 44. Kg3 Qxe5+ 45. Kxg4 Kh6 46. Qf3 Qb8 47. Kh3 Kg7 48. Kg4 e5 49. Qe4 Kf6 50. Qc6+ Kg7 51. Kf3 e4+ 52. Kxe4 Qh2 53. Qc3+ Kh7 54. Qf3 Qxh4+ 55. Qf4 Qe1+ 56. Kd5 Qa5+ 57. Kc6 Qa6+ 58. Kc7 Qa5+ 59. Kd7 Qb5+ 60. Kc8 Qc6+ 61. Qc7 Qe8+ 62. Qd8 Qc6+ 63. Kb8 g5 64. Qxe7+ Kh6 65. Qc7 Qe8+ 66. Ka7 Qa4+ 67. Kb6 Qb4+ 68. Ka6 Qa4+ 69. Qa5 Qc4+ 70. Qb5 Qxa2 71. b8=Q Qe6+ 72. Q8b6 1-0


[Site "https://www.chess.com"]

[Event "Titled Tuesday Blitz January 31 Late 2023"]
[White "Golding, Alex"]
[Black "Urazayev, Arystanbek"]
[WhiteFideId "427241"]
[BlackFideId "13709810"]
[WhiteElo "2318"]
[BlackElo "2460"]
[Result "0-1"]
[Round "02"]
[TimeControl "180+2"]
[Date "2023.01.31"]
[WhiteClock "0:00:01"]
[BlackClock "0:00:50"]

1. e4 e6 2. d3 d5 3. Nd2 c5 4. Ngf3 Nc6 5. g3 Nf6 6. Bg2 Be7 7. O-O O-O 8. Re1 b5 9. e5 Nd7 10. Nf1 Qc7 11. Bf4 Bb7 12. h4 Rfc8 13. N1h2 Qd8 14. Ng5 h6 15. Nxe6 fxe6 16. Qg4 Nd4 17. Bxh6 Qf8 18. c3 Nc2 19. Qxe6+ Kh8 20. Qxd7 Bc6 21. Bxg7+ Qxg7 22. Qe6 Nxa1 23. Rxa1 Rc7 24. Ng4 Bd7 25. Qxd5 Bc6 26. Qe6 Bxg2 27. Kxg2 Rd8 28. Qf5 Qh7 29. Qxh7+ Kxh7 30. Rd1 Rcd7 31. f4 Rxd3 32. Re1 Rd2+ 33. Kh3 Rd1 34. Re4 R8d2 35. Ne3 Re1 36. Kg4 Rde2 37. Kf3 c4 38. f5 Bc5 39. Ng4 Rxe4 40. Nf6+ Kg7 41. Nxe4 Bb6 42. g4 Rf1+ 43. Kg3 Be3 44. g5 Bf4+ 45. Kg2 Re1 46. f6+ Kg6 47. Kf3 Bxe5 48. Nf2 Bxf6 49. gxf6 Kxf6 50. Ne4+ Ke5 51. Nd6 Kxd6 0-1


[Site "https://www.chess.com"]

[Event "Titled Tuesday Blitz January 31 Late 2023"]
[White "Lizak, Peter"]
[Black "Grigoriants, Sergey"]
[WhiteFideId "731595"]
[BlackFideId "4130804"]
[WhiteElo "2411"]
[BlackElo "2562"]
[Result "0-1"]
[Round "02"]
[TimeControl "180+2"]
[Date "2023.01.31"]
[WhiteClock "0:00:01"]
[BlackClock "0:00:09"]

1. d4 Nf6 2. Nc3 d5 3. Bf4 e6 4. Nb5 Bb4+ 5. c3 Ba5 6. a4 a6 7. b4 Bxb4 8. cxb4 axb5 9. axb5 Rxa1 10. Qxa1 O-O 11. e3 Nbd7 12. Be2 Nb6 13. Qc3 Ne8 14. Nf3 Nd6 15. O-O Bd7 16. Rc1 Ndc4 17. h4 Bxb5 18. Bd3 c6 19. h5 h6 20. Bb1 Qa8 21. Ne5 Qa3 22. Qc2 f5 23. Ng6 Ra8 24. Re1 Qxb4 25. Qd1 Ra1 26. g4 Qd2 27. gxf5 Qxd1 28. Rxd1 Na3 29. fxe6 Rxb1 30. Rxb1 Nxb1 31. Bd6 Nc8 32. Bb4 b6 0-1


[Site "https://www.chess.com"]